 Dungeon Crawl Stone Soup version 0.20.1-1-g8b1a95d (console) character file.

338 Plasmagod the Insei (level 6, -7/46 HPs)
             Began as a Merfolk Transmuter on Dec 28, 2017.
             Killed by nerve-wracking pain
             ... invoked by Grinder
              (14 damage)
             ... while paralysed by Grinder
             ... on level 3 of the Dungeon on Dec 29, 2017.
             The game lasted 01:41:40 (5020 turns).

Plasmagod the Insei (Merfolk Transmuter)            Turns: 5020, Time: 01:41:40

Health: -7/46      AC:  2    Str: 11    XL:     6   Next: 55%
Magic:  4/10       EV:  5    Int: 13    God:
Gold:   62         SH:  0    Dex: 20    Spells: 6/10 levels left

rFire    . . .     SeeInvis .     - Unarmed
rCold    . . .     Gourm    .   (shield currently unavailable)
rNeg     . . .     Faith    .   (armour currently unavailable)
rPois    x         Spirit   .   (helmet currently unavailable)
rElec    .         Reflect  .   (cloak currently unavailable)
rCorr    .         Harm     .   (gloves currently unavailable)
MR       .....                  (boots currently unavailable)
Stlth    +.........             o - amulet of magic regeneration
Regen    0.2/turn               (no ring)
MPRegen  0.2/turn               (no ring)

@: paralysed, spider-form (expiring), very slow
A: (change form in water), (swift swim), (stealthy swim)
a: End Transformation


You were on level 3 of the Dungeon.
You were not hungry.
You were a venomous arachnid creature.
You visited 1 branch of the dungeon, and saw 3 of its levels.
You also visited: Sewer.

You collected 62 gold pieces.

Inventory:

Hand Weapons
 b - a +0 trident
 e - a +1 dagger (melded)
 s - a +0 mace
Missiles
 a - 24 arrows (quivered)
Armour
 h - a scarf of spirit shield (melded)
 l - a +0 leather armour (melded)
 u - a +0 helmet
Jewellery
 o - an amulet of magic regeneration (around neck)
Scrolls
 f - a scroll of recharging
 g - 2 scrolls of amnesia
 i - 2 scrolls of fog
 p - a scroll of remove curse
Potions
 j - a potion of brilliance
 k - 3 potions of curing
 m - a potion of heal wounds
 q - a potion of flight
 r - a potion of might {unknown}
Books
 c - a book of Changes

   Spells                             Type                      Level
   a - Beastly Appendage              Transmutation                1
   b - Sticks to Snakes               Transmutation                2
   c - Spider Form                    Transmutation/Poison         3
   d - Ice Form                       Ice/Transmutation            4
   e - Blade Hands                    Transmutation                5
Comestibles
 d - 2 bread rations
 n - a meat ration


   Skills:
 + Level 2.6 Fighting
 + Level 3.0 Short Blades
 + Level 2.0 Armour
 + Level 3.5 Dodging
 + Level 1.2 Stealth
 + Level 4.1 Unarmed Combat
 + Level 2.7 Spellcasting
 + Level 3.6 Transmutations


You had 6 spell levels left.
You knew the following spells:

 Your Spells              Type           Power        Failure   Level  Hunger
a - Beastly Appendage     Tmut           ##....       16%         1    #......
b - Spider Form           Tmut/Pois      #.........   54%         3    ###....


Dungeon Overview and Level Annotations

Branches:
Dungeon (3/15)

Altars:
Ashenzari
Cheibriados

Annotations:
D:3 Grinder


Message History

You hit Grinder.
Grinder is moderately wounded.
Grinder completely misses you.
You hit Grinder.
Grinder is heavily wounded.
Grinder misses you.
You hit Grinder but do no damage.
Grinder is heavily wounded.
Grinder closely misses you.
You hit Grinder but do no damage.
Grinder is poisoned.
Grinder is heavily wounded.
You barely miss Grinder.
Grinder is heavily wounded.
Grinder gestures at you.
You suddenly lose the ability to move!
Grinder hits you!
* * * LOW HITPOINT WARNING * * *
Grinder gestures at you. Pain shoots through your body!
You die...

..####.#.#######.#######.##.#####
...#.#...................##.#
..#.#....##≈≈≈≈≈##.....####.#
..####...##≈≈≈≈≈##.###.####.#
.......#.≈≈.....≈≈.# #......#
.###.###.≈≈.....≈≈.###..###.# .#
#.# #.≈≈....(....##..###.# .#
#.###.≈≈.....≈≈.((...(##.# .#
#.....≈≈.≈≈..s5.###..## # .#
#.###.##≈≈.≈≈##.# #..###># .#
#.#...##≈≈.≈≈##†###......##
.###.#.#..........5...........
≈≈##.....###..................
≈≈≈###.### ######.#.##.####.##
.≈≈_##.# #.#.##.# .# ≈≈≈###.#
#.#.##.#### ≈≈##.#(# #.#.##..§§#


You could see Grinder.

Vanquished Creatures
  A big kobold (Sewer)
  Robin (D:3)
  6 adders
  6 river rats
  2 oozes
  4 worms
  2 dart slugs
  4 leopard geckos
  3 orcs (D:3)
  9 bats
  3 giant cockroaches
  11 goblins
  11 hobgoblins
  2 quokkas
  10 ball pythons
  3 frilled lizards
  20 kobolds
  29 rats
127 creatures vanquished.

Notes
Turn   | Place    | Note
-------+----------+-------------------------------------------
     0 | D:1      | Plasmagod the Merfolk Transmuter began the quest for the Orb.
     0 | D:1      | Reached XP level 1. HP: 15/15 MP: 3/3
   111 | D:1      | Reached XP level 2. HP: 20/21 MP: 5/5
   217 | D:1      | Reached skill level 4 in Unarmed Combat
   557 | D:1      | Reached XP level 3. HP: 24/26 MP: 4/6
   711 | D:1      | Learned a level 1 spell: Beastly Appendage
  1052 | D:2      | Found a shattered altar of Ashenzari.
  1699 | D:2      | Learned a level 3 spell: Spider Form
  1875 | D:2      | Reached XP level 4. HP: 28/33 MP: 7/7
  2230 | D:3      | Reached skill level 1 in Short Blades
  2353 | D:3      | Found a glowing drain.
  2440 | Sewer    | Entered a sewer
  2738 | Sewer    | Reached skill level 1 in Armour
  2943 | Sewer    | Noticed a big kobold
  3009 | Sewer    | HP: 1/33 [big kobold (1)]
  3049 | Sewer    | Killed a big kobold
  3049 | Sewer    | Reached skill level 1 in Stealth
  3049 | Sewer    | Reached XP level 5. HP: 24/38 MP: 4/8
  3639 | Sewer    | Reached XP level 6. HP: 36/44 MP: 6/9
  4085 | D:3      | Found a snail-covered altar of Cheibriados.
  4588 | D:3      | Noticed Robin
  4607 | D:3      | Killed Robin
  4783 | D:3      | Noticed Grinder
  4816 | D:3      | Paralysed by Grinder for 3 turns
  4945 | D:3      | Paralysed by Grinder for 6 turns
  4996 | D:3      | Paralysed by Grinder for 7 turns
  5018 | D:3      | Paralysed by Grinder for 7 turns
  5020 | D:3      | Killed from afar by Grinder

Skill      XL: |  1  2  3  4  5  6 |
---------------+-------------------+-----
Unarmed Combat | 4 |  4.1
Dodging        | 3 |  3.5
Transmutations | 3 |  3.6
Short Blades   | 2 3 |  3.0
Armour         | 1 2 |  2.0
Fighting       | 2 |  2.6
Stealth        | 1 |  1.2
Spellcasting   | |  2.7

Action                   |  1- 3 |  4- 6 || total
-------------------------+-------+-------++-------
Melee: Unarmed           |    14 |     8 ||    22
       Dagger            |   168 |   449 ||   617
       Headbutt          |    18 |    38 ||    56
       Punch             |     2 |     3 ||     5
       Tailslap          |       |     7 ||     7
 Cast: Beastly Appendage |    13 |    30 ||    43
       Spider Form       |       |     1 ||     1
  Use: Scroll            |     7 |     5 ||    12
       Potion            |     2 |     8 ||    10
 Stab: Sleeping          |     3 |     3 ||     6
  Eat: Chunk             |     3 |     3 ||     6
       Bread ration      |     1 |     1 ||     2
Armor: Robe              |    19 |       ||    19
       Leather armour    |    18 |    53 ||    71
Dodge: Dodged            |   136 |   288 ||   424
